 Dungeon Crawl Stone Soup version 0.25-a0-294-gea9b1ad378 (webtiles) character file.

Game seed: 5695870583313921214, levelgen mode: deterministic

6641 MoonlitKnight the Magician (level 11, -6/84 HPs)
             Began as a Gnoll Skald on Dec 17, 2019.
             Was an Elder of Okawaru.
             Mangled by a spiny frog (15 damage)
             ... on level 1 of the Lair of Beasts.
             The game lasted 00:28:47 (10832 turns).

MoonlitKnight the Magician (Gnoll Skald)           Turns: 10832, Time: 00:28:48

Health: -6/84      AC: 15    Str: 14    XL:     11   Next: 2%
Magic:  21/22      EV: 14    Int: 18    God:    Okawaru [****..]
Gold:   1233       SH:  0    Dex: 18    Spells: 14/25 levels left

rFire    . . .     SeeInvis .   a - +5 mace (freeze)
rCold    x . .     Gourm    .   (no shield)
rNeg     . . .     Faith    .   r - +0 scale mail
rPois    .         Spirit   .   g - +2 helmet of the Accordion {+Fly rC- Dex+3}
rElec    .         Reflect  .   x - scarf {cloud immunity}
rCorr    .         Harm     .   A - +2 pair of gloves
MR       .....                  F - +0 pair of boots {Stlth+}
Stlth    +++.......             (no amulet)
HPRegen  0.24/turn              (no ring)
MPRegen  0.18/turn              (no ring)

@: no status effects
A: distributed training, fangs 1, strong nose
a: Heroism, Renounce Religion, Evoke Flight


You were on level 1 of the Lair of Beasts.
You worshipped Okawaru.
Okawaru was greatly pleased with you.
You were hungry.

You visited 3 branches of the dungeon, and saw 11 of its levels.
You also visited: Bailey.

You collected 1263 gold pieces.
You spent 30 gold pieces at shops.

Inventory:

Hand Weapons
 a - a +5 mace of freezing (weapon)
 I - a +5 long sword
Missiles
 h - 47 sling bullets
Armour
 g - the +2 helmet of the Accordion (worn) {+Fly rC- Dex+3}
   (You found it in a bailey)

   It affects your dexterity (+3).
   It makes you vulnerable to cold.
   It lets you fly.
 r - a +0 scale mail (worn)
 w - a +4 chain mail of cold resistance
 x - a scarf of cloud immunity (worn)
 A - a +2 pair of gloves (worn)
 F - a +0 pair of boots of stealth (worn)
Wands
 e - a wand of polymorph (8)
 y - a wand of digging (4)
Scrolls
 i - a scroll of blinking {unknown}
 k - 2 scrolls of fog {unknown}
 l - 4 scrolls of teleportation
 o - 4 scrolls of magic mapping {unknown}
 u - 5 scrolls of remove curse
 v - 4 scrolls of fear
 z - a scroll of noise {unknown}
 C - 3 scrolls of immolation {unknown}
 D - 2 scrolls of amnesia {unknown}
 E - 2 scrolls of identify
 H - 2 scrolls of enchant weapon {unknown}
 L - a scroll of vulnerability {unknown}
 M - a scroll of enchant armour {unknown}
Potions
 b - 2 potions of flight {unknown}
 c - 3 potions of agility
 f - 5 potions of curing
 j - a potion of ambrosia {unknown}
 m - 5 potions of lignification
 n - a potion of brilliance {unknown}
 p - 3 potions of cancellation
 q - 4 potions of haste
 s - 2 potions of might
 B - 2 potions of magic
 K - 2 potions of invisibility {unknown}
Miscellaneous
 G - a phial of floods
Comestibles
 d - 11 rations


   Skills:
 + Level 7.4 Fighting
 + Level 5.7 Short Blades
 + Level 5.7 Long Blades
 + Level 5.7 Axes
 + Level 5.7 Maces & Flails
 + Level 7.4 Polearms
 + Level 5.7 Staves
 + Level 5.7 Slings
 + Level 5.7 Bows
 + Level 5.7 Crossbows
 + Level 5.7 Throwing
 + Level 6.3 Armour
 + Level 7.4 Dodging
 + Level 5.7 Stealth
 + Level 5.7 Shields
 + Level 5.7 Unarmed Combat
 + Level 7.7 Spellcasting
 + Level 4.7 Conjurations
 + Level 4.7 Hexes
 + Level 7.3 Charms
 + Level 4.7 Summonings
 + Level 4.7 Necromancy
 + Level 4.7 Translocations
 + Level 4.7 Transmutations
 + Level 4.7 Fire Magic
 + Level 4.7 Ice Magic
 + Level 4.7 Air Magic
 + Level 4.7 Earth Magic
 + Level 4.7 Poison Magic
 + Level 6.3 Invocations
 + Level 5.7 Evocations


You had 14 spell levels left.
You knew the following spells:

 Your Spells              Type           Power        Failure   Level  Hunger
a - Infusion              Chrm           ####         1%          1    None
b - Shroud of Golubria    Chrm/Tloc      ####..       4%          2    None
c - Spectral Weapon       Hex/Chrm       ####....     10%         3    #......
d - Regeneration          Chrm/Necr      ####......   10%         3    #......
e - Song of Slaying       Chrm           ####....     2%          2    None

Your spell library contained the following spells:

 Spells                   Type           Power        Failure   Level  Hunger
 Dazzling Flash           Conj/Hex       ###...       16%         3    #......
 Ignite Poison            Fire/Tmut/Pois ###.....     16%         3    #......
 Orb of Destruction       Conj           ###.......   100%        7    #######


Dungeon Overview and Level Annotations

Branches:
Dungeon (9/15)             Temple (1/1) D:5            Lair (1/6) D:9
 Bailey (visited)
    Orc: D:9-12

Altars:
Cheibriados
Dithmenos
Elyvilon
Fedhas
Kikubaaqudgha
Makhleb
Okawaru
Qazlal
Ru
Sif Muna
Trog
Uskayaw
Vehumet
Wu Jian
Yredelemnul
The Shining One

Shops:
D:5 *


Innate Abilities, Weirdness & Mutations

Your experience applies equally to all skills.
You have very sharp teeth.
Your uncanny sense of smell can sniff out nearby items.


Message History

You feel sick. The spiny frog closely misses you.
You feel sick.
You feel sick.
You feel sick.
Your skin stops crawling.
You feel sick.
You feel sick. The spiny frog stings you.
* * * LOW HITPOINT WARNING * * *
* * * LOW HITPOINT WARNING * * *
You feel sick.
You feel better.
The spiny frog stings you but does no damage.
Throwing (i - inventory)
t - a curare-tipped dart (quivered)
Press: ? - help, Shift-Dir - straight line, f - spiny frog
Aim: a spiny frog (heavily wounded)
You throw a curare-tipped dart.
The curare-tipped dart hits the spiny frog.
The spiny frog is heavily wounded.
The spiny frog stings you!
You die...

#........##
#......>..#
#........##
#........# ∆
#........#
#.....<..#
#######..# ##
###..# .#..##.#@.#
......(.F.#
..........#
.#######..# # ###
##..#
#.#########.###...#
..................#
..................#
####...#####.P#..#


You could see a spiny frog.

Vanquished Creatures
  Erica (D:8)
  A troll (D:9)
  A hippogriff (D:8)
  Eustachio (D:4)
  A wyvern (D:9)
  Duvessa (D:7)
  2 ice beasts
  A sky beast (D:6)
  A black bear (D:9)
  A necrophage (D:9)
  3 ogres
  3 wolves (D:9)
  5 centaurs
  A crocodile (D:8)
  5 bullfrogs
  8 gnoll sergeants (Bailey)
  3 scorpions
  Dowan (D:7)
  7 killer bees
  13 wights
  2 electric eels (D:9)
  5 howler monkeys
  A bullfrog zombie (D:8)
  6 crimson imps
  A centaur zombie (D:5)
  A jelly (D:7)
  7 hounds
  4 orc priests
  6 gnoll shamans (Bailey)
  6 orc wizards
  A bullfrog skeleton (D:9)
  5 iguanas
  6 worker ants
  2 killer bee zombies
  A hound skeleton (D:4)
  2 worker ant zombies
  13 adders
  18 gnolls
  A howler monkey skeleton (D:7)
  A shadow imp (D:8)
  4 oozes
  An adder skeleton (D:9)
  A worm (D:3)
  A dart slug (D:2)
  6 leopard geckos
  20 orcs
  4 giant cockroaches
  5 goblins
  8 hobgoblins
  3 jackals (D:4)
  2 quokkas
  3 bats
  3 frilled lizards
  2 kobolds (D:2)
  2 leopard gecko skeletons
  A quokka zombie (D:5)
  5 rats
220 creatures vanquished.

Vanquished Creatures (others)
  3 spectral weapons
3 creatures vanquished.

Grand Total: 223 creatures vanquished

Notes
Turn   | Place    | Note
-------+----------+-------------------------------------------
     0 | D:1      | MoonlitKnight the Gnoll Skald began the quest for the Orb.
     0 | D:1      | Reached XP level 1. HP: 20/20 MP: 6/6
   262 | D:1      | Reached XP level 2. HP: 26/26 MP: 7/7
   266 | D:1      | Learned a level 2 spell: Shroud of Golubria
   964 | D:2      | Reached skill level 5 in Spellcasting
   964 | D:2      | Reached XP level 3. HP: 10/31 MP: 7/9
   969 | D:2      | Learned a level 3 spell: Spectral Weapon
   973 | D:2      | Learned a level 3 spell: Regeneration
   976 | D:2      | Learned a level 2 spell: Song of Slaying
  1087 | D:2      | Reached skill level 1 in Invocations
  1267 | D:2      | Reached skill level 1 in Short Blades
  1267 | D:2      | Reached skill level 1 in Long Blades
  1267 | D:2      | Reached skill level 1 in Axes
  1267 | D:2      | Reached skill level 1 in Maces & Flails
  1267 | D:2      | Reached skill level 1 in Staves
  1267 | D:2      | Reached skill level 1 in Slings
  1267 | D:2      | Reached skill level 1 in Bows
  1267 | D:2      | Reached skill level 1 in Crossbows
  1267 | D:2      | Reached skill level 1 in Throwing
  1267 | D:2      | Reached skill level 1 in Stealth
  1267 | D:2      | Reached skill level 1 in Shields
  1267 | D:2      | Reached skill level 1 in Unarmed Combat
  1267 | D:2      | Reached skill level 1 in Evocations
  1381 | D:2      | Reached XP level 4. HP: 37/38 MP: 11/11
  1978 | D:3      | Found a stormy altar of Qazlal.
  1990 | D:3      | Reached skill level 1 in Conjurations
  1990 | D:3      | Reached skill level 1 in Hexes
  1990 | D:3      | Reached skill level 1 in Summonings
  1990 | D:3      | Reached skill level 1 in Necromancy
  1990 | D:3      | Reached skill level 1 in Translocations
  1990 | D:3      | Reached skill level 1 in Transmutations
  1990 | D:3      | Reached skill level 1 in Fire Magic
  1990 | D:3      | Reached skill level 1 in Ice Magic
  1990 | D:3      | Reached skill level 1 in Air Magic
  1990 | D:3      | Reached skill level 1 in Earth Magic
  1990 | D:3      | Reached skill level 1 in Poison Magic
  2406 | D:3      | Reached XP level 5. HP: 43/43 MP: 12/12
  2823 | D:4      | Noticed Eustachio
  2846 | D:4      | Killed Eustachio
  2846 | D:4      | Reached XP level 6. HP: 29/50 MP: 10/14
  3018 | D:4      | Reached skill level 5 in Fighting
  3018 | D:4      | Reached skill level 5 in Polearms
  3018 | D:4      | Reached skill level 5 in Dodging
  3221 | D:4      | Reached XP level 7. HP: 55/56 MP: 11/15
  4049 | D:5      | Entered Level 5 of the Dungeon
  4243 | D:5      | Found a staircase to the Ecumenical Temple.
  4268 | Temple   | Entered the Ecumenical Temple
  4291 | Temple   | Became a worshipper of Warmaster Okawaru
  4435 | D:5      | Reached XP level 8. HP: 59/63 MP: 16/16
  4467 | D:5      | Found Ximigyt's General Store.
  4685 | D:5      | Bought a scroll of teleportation for 30 gold pieces
  5347 | D:6      | Reached * piety under Okawaru
  5586 | D:6      | Identified Luasana's Disquisition on Attacks and Shape
                  | Shifting
  5605 | D:6      | Found a sacrificial altar of Ru.
  5608 | D:6      | Found a shadowy altar of Dithmenos.
  5620 | D:6      | Reached XP level 9. HP: 69/69 MP: 18/18
  5627 | D:6      | Found a snail-covered altar of Cheibriados.
  5627 | D:6      | Found a shimmering blue altar of Sif Muna.
  5627 | D:6      | Found a burning altar of Makhleb.
  5627 | D:6      | Found a white marble altar of Elyvilon.
  5628 | D:6      | Found a hide-covered altar of Uskayaw.
  5636 | D:6      | Found a glowing golden altar of the Shining One.
  5637 | D:6      | Found a blossoming altar of Fedhas.
  5638 | D:6      | Found an ornate altar of the Wu Jian Council.
  5712 | D:6      | Found a glowing golden altar of the Shining One.
  6145 | D:7      | Reached ** piety under Okawaru
  6457 | D:7      | Reached skill level 5 in Armour
  6837 | D:7      | Noticed Dowan
  6843 | D:7      | Noticed Duvessa
  6847 | D:7      | Killed Dowan
  6869 | D:7      | Killed Duvessa
  7136 | D:8      | Noticed Erica
  7157 | D:8      | Reached *** piety under Okawaru
  7364 | D:8      | HP: 1/71 [something (7)]
  7640 | D:8      | Killed Erica
  7640 | D:8      | Received a gift from Okawaru
  7640 | D:8      | Reached skill level 5 in Invocations
  7640 | D:8      | Reached XP level 10. HP: 77/77 MP: 11/20
  7878 | D:8      | Reached skill level 5 in Short Blades
  7878 | D:8      | Reached skill level 5 in Long Blades
  7878 | D:8      | Reached skill level 5 in Axes
  7878 | D:8      | Reached skill level 5 in Maces & Flails
  7878 | D:8      | Reached skill level 5 in Staves
  7878 | D:8      | Reached skill level 5 in Slings
  7878 | D:8      | Reached skill level 5 in Bows
  7878 | D:8      | Reached skill level 5 in Crossbows
  7878 | D:8      | Reached skill level 5 in Throwing
  7878 | D:8      | Reached skill level 5 in Stealth
  7878 | D:8      | Reached skill level 5 in Shields
  7878 | D:8      | Reached skill level 5 in Unarmed Combat
  7878 | D:8      | Reached skill level 5 in Evocations
  8148 | D:9      | Found a flagged portal.
  8306 | Bailey   | Entered a bailey
  8561 | Bailey   | HP: 3/77 [gnoll/+0 halberd (5)]
  8589 | Bailey   | HP: 3/77 [gnoll sergeant/+0 glaive (7)]
  8761 | Bailey   | Reached **** piety under Okawaru
  9355 | Bailey   | Got a steaming helmet
  9360 | Bailey   | Identified the +2 helmet of the Accordion {+Fly rC- Dex+3}
                  | (You found it in a bailey)
 10372 | D:9      | Reached XP level 11. HP: 84/84 MP: 22/22
 10375 | D:9      | Found a staircase to the Lair.
 10765 | Lair:1   | Entered Level 1 of the Lair of Beasts
 10829 | Lair:1   | HP: 3/84 [spiny frog (6)]
 10832 | Lair:1   | Mangled by a spiny frog

Levels and vault maps discovered:
D:1:      nzn_arrival_water_spiral, layout_basic, hangedman_decor_opposing,
          minmay_heptomino_o4
D:2:      layout_basic
D:3:      layout_loops_ring, serial_glass, glass_columns_c, glass_columns_c,
          nicolae_qazlal_general_emergency
D:4:      layout_gridville, uniq_eustachio
D:5:      layout_loops_ring, minmay_temple_entry_purple_smoke, serial_shops,
          nicolae_shop_temple_entry_statues_fountains, first_ration, st_stairs_9
D:6:      layout_loops_ring, minitemple, tso_metal_star
D:7:      layout_loops_ring, uniq_duvessa
D:8:      layout_basic, uniq_erica
D:9:      layout_basic, erik_lair_island, enter_bailey_2, corexii_corridor_pit
Temple:   nicolae_temple_hex_pool
Lair:1:   layout_long_grid, hibernation_bobbens, grunt_megastairs_5

Skill      XL: |  1  2  3  4  5  6  7  8  9 10 |
---------------+-------------------------------+-----
Spellcasting   | 5 6 7 |  7.7
Invocations    | 1 2 3 4 5 6 |  6.3
Short Blades   | 1 2 3 4 5 |  5.7
Long Blades    | 1 2 3 4 5 |  5.7
Axes           | 1 2 3 4 5 |  5.7
Maces & Flails | 1 2 3 4 5 |  5.7
Staves         | 1 2 3 4 5 |  5.7
Slings         | 1 2 3 4 5 |  5.7
Bows           | 1 2 3 4 5 |  5.7
Crossbows      | 1 2 3 4 5 |  5.7
Throwing       | 1 2 3 4 5 |  5.7
Stealth        | 1 2 3 4 5 |  5.7
Shields        | 1 2 3 4 5 |  5.7
Unarmed Combat | 1 2 3 4 5 |  5.7
Evocations     | 1 2 3 4 5 |  5.7
Conjurations   | 1 2 3 4 |  4.7
Hexes          | 1 2 3 4 |  4.7
Summonings     | 1 2 3 4 |  4.7
Necromancy     | 1 2 3 4 |  4.7
Translocations | 1 2 3 4 |  4.7
Transmutations | 1 2 3 4 |  4.7
Fire Magic     | 1 2 3 4 |  4.7
Ice Magic      | 1 2 3 4 |  4.7
Air Magic      | 1 2 3 4 |  4.7
Earth Magic    | 1 2 3 4 |  4.7
Poison Magic   | 1 2 3 4 |  4.7
Armour         | 3 4 5 6 |  6.3
Fighting       | 5 6 7 |  7.4
Polearms       | 5 6 7 |  7.4
Dodging        | 5 6 7 |  7.4
Charms         | 6 7 |  7.3

Action                   |  1- 3 |  4- 6 |  7- 9 | 10-12 || total
-------------------------+-------+-------+-------+-------++-------
Melee: Spear             |    33 |    67 |   383 |       ||   483
       Bite              |    10 |    13 |    44 |    43 ||   110
       Dagger            |    47 |    69 |       |       ||   116
       Punch             |       |     1 |     6 |     9 ||    16
       Mace              |       |       |    44 |   340 ||   384
Throw: Dart              |       |       |       |     7 ||     7
 Cast: Spectral Weapon   |     1 |     4 |    14 |    11 ||    30
       Shroud of Golubri |       |     4 |     8 |     2 ||    14
       Infusion          |       |     1 |       |       ||     1
       Regeneration      |       |       |     4 |    16 ||    20
  Use: Scroll            |       |       |    12 |     1 ||    13
       Potion            |       |       |     1 |     3 ||     4
 Stab: Sleeping          |       |       |     4 |     1 ||     5
       Distracted        |       |       |     1 |     2 ||     3
  Eat: Chunk             |     2 |     6 |     7 |     6 ||    21
       Ration            |       |       |     3 |     1 ||     4
Armor: Leather armour    |     4 |       |       |       ||     4
       Ring mail         |    11 |    46 |    82 |    48 ||   187
       Scale mail        |       |       |     4 |    84 ||    88
Dodge: Dodged            |    53 |    90 |   226 |   335 ||   704

Table legend:
 A = Non-vault XP
 B = Vault XP
 C = Vault XP percentage of total XP
 D = Non-vault monster count
 E = Vault monster count
 F = Vault count percentage of total count
                 A         B        C        D         E       F
            +---------+---------+-------+---------+---------+-------
      Total |    6052 |    3436 |  36.2 |     175 |      45 |  20.5
            +---------+---------+-------+---------+---------+-------
        D:1 |      15 |       8 |  34.8 |       6 |       3 |  33.3
        D:2 |      90 |       0 |   0.0 |      18 |       0 |   0.0
        D:3 |      59 |       0 |   0.0 |      14 |       0 |   0.0
        D:4 |     608 |     203 |  25.0 |      34 |       1 |   2.9
        D:5 |     749 |     122 |  14.0 |      20 |       2 |   9.1
        D:6 |     681 |       0 |   0.0 |      13 |       0 |   0.0
        D:7 |    1064 |     222 |  17.3 |      23 |       2 |   8.0
        D:8 |     982 |     934 |  48.7 |      14 |       1 |   6.7
        D:9 |    1804 |     743 |  29.2 |      33 |       6 |  15.4
     Bailey |       0 |    1204 | 100.0 |       0 |      30 | 100.0
            +---------+---------+-------+---------+---------+-------
